 Dungeon Crawl Stone Soup version 0.18-a0-1643-gb89d9db (webtiles) character file.

12860 nubinia the Nimble (level 12, 84/84 HPs)
             Began as a Merfolk Venom Mage on Mar 14, 2016.
             Was a Priest of Sif Muna.
             Quit the game on level 2 of the Orcish Mines on Mar 28, 2016.
             The game lasted 01:31:01 (16462 turns).

nubinia the Nimble (Merfolk Venom Mage)            Turns: 16462, Time: 01:31:01

Health: 84/84      AC:  7    Str:  9    XL:     12   Next: 0%
Magic:  19/22      EV: 26    Int: 22    God:    Sif Muna [***...]
Gold:   1126       SH:  0    Dex: 21    Spells: 5 memorised, 15 levels left

rFire  . . .     SeeInvis .     U - +3 hand axe of Pyromania {drain, +Inv MR+ Int+4 Dex+6}
rCold  . . .     Gourm    +     r - +2 robe {rN+}
rNeg   + . .     Faith    .     (no shield)
rPois  .         Spirit   .     J - +1 helmet
rElec  .         Dismiss  .     (no cloak)
rCorr  .         Reflect  .     (no gloves)
SustAt .         Harm     .     n - +1 pair of boots
MR     +....                    t - amulet of the gourmand
Stlth  +++++.....               l - +3 ring of evasion
                                g - ring of stealth

@: somewhat resistant to hostile enchantments, quite stealthy
A: change form in water, swift swim, deformed body
a: Channel Energy, Renounce Religion, Evoke Invisibility


You were on level 2 of the Orcish Mines.
You worshipped Sif Muna.
Sif Muna was most pleased with you.
You were completely stuffed.

You visited 3 branches of the dungeon, and saw 13 of its levels.
You also visited: Volcano.

You collected 1238 gold pieces.
You spent 112 gold pieces at shops.

Inventory:

Hand Weapons
 d - a +0 blowgun
 e - a +0 shortbow of evasion
 h - a +0 whip
 s - a +0 spear
 U - the +3 hand axe of Pyromania (weapon) {drain, +Inv MR+ Int+4 Dex+6}
   (You took it off an orc on level 9 of the Dungeon)

   A truly terrible weapon, it drains the life of those it strikes.
   It affects your intelligence (+4).
   It affects your dexterity (+6).
   It affects your resistance to hostile enchantments.
   It lets you turn invisible.
Missiles
 i - 5 curare-tipped needles
Armour
 a - a +0 robe
 b - a +2 robe of fire resistance
 m - a +2 robe of magic resistance
 n - a +1 pair of boots (worn)
 r - a +2 robe of positive energy (worn)
 J - a +1 helmet (worn)
 N - a +2 robe of cold resistance
Jewellery
 g - a ring of stealth (left hand)
 l - a +3 ring of evasion (right hand)
 t - an amulet of the gourmand (around neck)
Wands
 x - a wand of iceblast (3/15)
 K - a wand of paralysis (15/24)
 T - a wand of polymorph (19/24)
 X - a wand of iceblast (8/15)
Scrolls
 f - 4 scrolls of immolation
 o - 7 scrolls of teleportation
 p - a scroll of remove curse
 q - a scroll of magic mapping
 v - a scroll of fog
 y - a scroll of blinking
 C - a scroll of enchant armour
 E - a scroll of enchant weapon {unknown}
 F - a scroll of noise {unknown}
 H - a scroll of vulnerability {unknown}
 Y - a scroll of silence {unknown}
Potions
 c - a potion of lignification {unknown}
 j - 2 potions of curing
 u - 3 potions of heal wounds
 w - 2 potions of might {unknown}
 L - 2 potions of mutation {unknown}
 P - a potion of agility {unknown}
 Q - a potion of magic
 S - a potion of berserk rage
 V - a potion of ambrosia
Comestibles
 k - a chunk of flesh
 A - 3 beef jerkies


   Skills:
 + Level 4.3 Fighting
 + Level 3.3(3.8) Axes
 + Level 4.5(6.0) Polearms
 + Level 11.5 Dodging
 + Level 8.2 Stealth
 - Level 0.2 Unarmed Combat
 + Level 7.1 Spellcasting
 + Level 6.0 Conjurations
 + Level 4.7 Summonings
 - Level 2.1 Air Magic
 - Level 7.8 Poison Magic
 + Level 3.7 Invocations
 + Level 0.6 Evocations


You had 15 spell levels left.
You knew the following spells:

 Your Spells              Type           Power        Failure   Level  Hunger
a - Sting                 Conj/Pois      ####         1%          1    None
b - Cure Poison           Pois           #####.....   1%          2    None
c - Mephitic Cloud        Conj/Pois/Air  ####....     2%          3    None
d - Summon Butterflies    Summ           ####....     1%          1    None
e - Call Canine Familiar  Summ           ####....     3%          3    None


Dungeon Overview and Level Annotations

Branches:
Dungeon (10/15)            Temple (1/1) D:7             Orc (2/2) D:9
    Elf (0/3) Orc:2
   Lair: D:8-11

Altars:
Ashenzari
Cheibriados
Dithmenos
Elyvilon
Fedhas
Gozag
Kikubaaqudgha
Makhleb
Nemelex Xobeh
Okawaru
Pakellas
Qazlal
Ru
Sif Muna
Trog
Vehumet
Xom
Yredelemnul
Zin
The Shining One
Beogh

Shops:
Orc:2 ?:

Annotations:
D:6 exclusion: ice beast
D:8 exclusion: ice beast


Innate Abilities, Weirdness & Mutations

You revert to your normal form in water.
You are very nimble and swift while swimming.
Armour fits poorly on your strangely shaped body.


Message History

2 orcs come into view.
An orc warrior comes into view. It is wielding a short sword.
Casting: Sting
Confirm with . or Enter, or press ? or * to list all spells.
Aiming: Mephitic Cloud
Press: ? - help, Shift-Dir - straight line, f - orc high priest
Aim: an orc high priest, wielding a glaive and wearing a scale mail The ball explodes into a vile cloud!
The stinking cloud engulfs the orc high priest.
The orc shouts!
You hear a shout!
The orc high priest is engulfed in noxious fumes.
The orc high priest prays to Beogh.
The orc shouts!
The orc high priest is engulfed in noxious fumes.
The orc high priest appears confused.
The orc high priest closely misses the orc warrior.
The neqoxec gestures at you.
Strange energies course through your body.
Your body twists and deforms.
Are you sure you want to abandon this character and quit the game? (Confirm with "yes".)

....#[[.## ##...#. 8...'.)..####
#############....##
#####....##.###............#....#
.o.†.........#.)##########...#...
#..#.....#..##.##*,,.#,,,###..#.#
..)............# *,..#,,,**##..##
.........[..#)####,o.#o,,**∩#..#
........#..#..#.8##'###'#*8,##.#
[......[....8.'.@.3.§ooo.,,,,#.#
.....#.[)...).'.....38§..,,,_#.#
#.#.#..[....8.'......o...o,,,#.#
######.#......#.8##'###'#*8,##.#
# ###......####,..#,,.**∩#..#
#........# *,..#,,,**##..#
##...###.##*,,.#,,,###..## #...#
#..##########...## ##..##
##............###


You could see a soul eater, an orc high priest (confused), a neqoxec, an orc
warrior and 2 orcs.

Vanquished Creatures
  An orc high priest (Orc:2)
  Sonja (Orc:2)
  2 orc knights (Orc:2)
  3 orc sorcerers (Orc:2)
  3 trolls
  A merfolk (D:9)
  A two-headed ogre (D:10)
  A shadow (D:9)
  Eustachio (D:6)
  A wyvern (D:9)
  4 fire bats (Volcano)
  A hippogriff (D:10)
  A mottled dragon (Volcano)
  2 wargs (Orc:2)
  A wasp (D:9)
  2 phantoms
  2 ice beasts
  5 sky beasts
  6 ogres
  18 orc warriors
  6 centaurs
  A crocodile (D:9)
  A gnoll sergeant (D:9)
  9 giant frogs
  A wyvern zombie (D:9)
  3 scorpions
  3 howler monkeys
  22 killer bees
  3 crimson imps
  A jelly (D:9)
  2 quasits
  A giant frog skeleton (D:6)
  26 orc wizards
  14 orc priests
  7 hounds
  Jessica (D:2)
  An iguana (D:4)
  6 worker ants
  A killer bee zombie (D:10)
  A hound skeleton (D:10)
  14 gnolls
  10 adders
  3 shadow imps
  An ooze (D:3)
  2 adder skeletons
  6 worms
  6 giant geckos
  73 orcs
  2 ball pythons (D:3)
  7 giant cockroaches
  8 hobgoblins
  12 jackals
  8 kobolds
  2 quokkas
  A bat (D:1)
  A giant gecko skeleton (D:4)
  5 giant newts
  5 goblins (D:1)
  A jackal skeleton (D:4)
  A jackal zombie (D:5)
  12 rats
347 creatures vanquished.

Vanquished Creatures (collateral kills)
  2 killer bees (D:6)
2 creatures vanquished.

Vanquished Creatures (others)
  An orc (D:10)
1 creature vanquished.

Grand Total: 350 creatures vanquished

Notes
Turn   | Place    | Note
--------------------------------------------------------------
     0 | D:1      | nubinia the Merfolk Venom Mage began the quest for the Orb.
     0 | D:1      | Reached XP level 1. HP: 13/13 MP: 3/3
   337 | D:1      | Reached XP level 2. HP: 13/19 MP: 0/5
   432 | D:1      | Learned a level 2 spell: Cure Poison
   766 | D:1      | Reached skill level 3 in Dodging
   775 | D:1      | Reached skill level 5 in Poison Magic
  1092 | D:1      | Reached XP level 3. HP: 24/24 MP: 0/6
  1421 | D:2      | Noticed Jessica
  1426 | D:2      | Killed Jessica
  1426 | D:2      | Reached XP level 4. HP: 12/30 MP: 4/7
  1822 | D:2      | Learned a level 3 spell: Mephitic Cloud
  2008 | D:2      | Reached skill level 1 in Conjurations
  2262 | D:2      | Reached XP level 5. HP: 36/36 MP: 1/9
  2329 | D:2      | Found a burning altar of Makhleb.
  3202 | D:3      | Noticed a centaur
  3683 | D:3      | Reached XP level 6. HP: 42/42 MP: 8/10
  3866 | D:3      | Reached skill level 1 in Fighting
  3866 | D:3      | Reached skill level 4 in Dodging
  4428 | D:4      | Noticed a phantom
  4500 | D:4      | Killed a phantom
  4500 | D:4      | Reached skill level 1 in Polearms
  4500 | D:4      | Reached XP level 7. HP: 21/49 MP: 10/12
  5183 | D:4      | Upgraded the game from 0.18-a0-1570-gf60b0ab to 0.18-a0-1572-g0a86841
  5222 | D:5      | Entered Level 5 of the Dungeon
  5484 | D:5      | Reached skill level 5 in Dodging
  5704 | D:5      | Reached XP level 8. HP: 50/56 MP: 4/13
  6414 | D:5      | Upgraded the game from 0.18-a0-1572-g0a86841 to 0.18-a0-1577-gf591c28
  6514 | D:5      | Reached skill level 6 in Dodging
  7688 | D:6      | Found an oddly glowing altar of Pakellas.
  7736 | D:6      | Noticed Eustachio
  7751 | D:6      | Killed Eustachio
  7864 | D:6      | Reached skill level 5 in Stealth
  7864 | D:6      | Reached XP level 9. HP: 62/62 MP: 10/15
  7873 | D:6      | Reached skill level 1 in Air Magic
  8567 | D:7      | Reached skill level 7 in Dodging
  8691 | D:7      | Found a staircase to the Ecumenical Temple.
  8700 | Temple   | Entered the Ecumenical Temple
  8771 | Temple   | Became a worshipper of Sif Muna the Loreminder
  9370 | D:7      | Reached skill level 5 in Spellcasting
  9822 | D:8      | Reached skill level 8 in Dodging
  9925 | D:8      | Found a glowing silver altar of Zin.
 10033 | D:8      | Reached * piety under Sif Muna
 10163 | D:8      | Learned a level 1 spell: Summon Butterflies
 10238 | D:8      | Reached skill level 1 in Summonings
 10600 | D:8      | Found a sacrificial altar of Ru.
 10600 | D:8      | Found a shattered altar of Ashenzari.
 10678 | D:9      | Reached XP level 10. HP: 40/70 MP: 17/17
 10944 | D:9      | Upgraded the game from 0.18-a0-1577-gf591c28 to 0.18-a0-1637-g109f206
 11330 | D:9      | Got a transparent hand axe {drain}
 11331 | D:9      | Identified the cursed +3 hand axe of Pyromania {drain, +Inv MR+ Int+4 Dex+6} (You took it off an orc on level 9 of the Dungeon)
 11350 | D:9      | Learned a level 3 spell: Call Canine Familiar
 12087 | D:9      | Found a staircase to the Orcish Mines.
 12317 | D:9      | Reached skill level 9 in Dodging
 12375 | D:9      | Found a stormy altar of Qazlal.
 12435 | D:9      | Reached ** piety under Sif Muna
 12547 | D:10     | Entered Level 10 of the Dungeon
 12554 | D:9      | Reached skill level 1 in Axes
 12914 | D:10     | Reached skill level 10 in Dodging
 12957 | D:10     | Noticed a hill giant
 13036 | Orc:1    | Entered Level 1 of the Orcish Mines
 13092 | Orc:1    | Reached skill level 5 in Conjurations
 13367 | Orc:2    | Entered Level 2 of the Orcish Mines
 13375 | Orc:2    | Noticed Sonja
 13379 | Orc:2    | Killed Sonja
 13379 | Orc:2    | Reached skill level 1 in Invocations
 13379 | Orc:2    | Reached XP level 11. HP: 76/76 MP: 20/20
 13453 | Orc:2    | Found a roughly hewn altar of Beogh.
 13474 | Orc:2    | Noticed an orc sorcerer
 13490 | Orc:2    | Killed an orc sorcerer
 13492 | Orc:2    | Reached skill level 11 in Dodging
 13504 | Orc:2    | Found a dark tunnel.
 13529 | Volcano  | Entered a volcano
 13543 | Volcano  | Noticed a lindwurm
 13936 | Orc:2    | Found a roughly hewn altar of Beogh.
 13962 | Orc:2    | Found Sidod's Magic Scroll Shoppe.
 13971 | Orc:2    | Bought a scroll of identify for 30 gold pieces
 13971 | Orc:2    | Bought a scroll of magic mapping for 52 gold pieces
 13971 | Orc:2    | Bought a scroll of identify for 30 gold pieces
 14061 | Orc:2    | Noticed an orc knight
 14229 | Orc:2    | Killed an orc knight
 14588 | Orc:2    | Found a staircase to the Elven Halls.
 14609 | Orc:2    | Found a roughly hewn altar of Beogh.
 14698 | Orc:2    | Reached *** piety under Sif Muna
 15026 | Orc:2    | Found a roughly hewn altar of Beogh.
 15468 | Orc:2    | Found a roughly hewn altar of Beogh.
 15469 | Orc:2    | Noticed an orc sorcerer
 15487 | Orc:2    | Killed an orc sorcerer
 15519 | Orc:2    | Found Ostaof's Book Boutique.
 15541 | Orc:2    | Noticed an orc knight
 15584 | Orc:2    | Killed an orc knight
 15888 | Orc:2    | Found a roughly hewn altar of Beogh.
 16164 | Orc:2    | Noticed an orc high priest
 16165 | Orc:2    | Noticed an orc high priest
 16165 | Orc:2    | Noticed an orc sorcerer
 16166 | Orc:2    | Upgraded the game from 0.18-a0-1637-g109f206 to 0.18-a0-1643-gb89d9db
 16169 | Orc:2    | Noticed an orc sorcerer
 16171 | Orc:2    | Noticed an orc sorcerer
 16239 | Orc:2    | Killed an orc high priest
 16303 | Orc:2    | Killed an orc sorcerer
 16353 | Orc:2    | Noticed an orc warlord
 16442 | Orc:2    | Reached XP level 12. HP: 84/84 MP: 20/22
 16461 | Orc:2    | Noticed a soul eater
 16461 | Orc:2    | Gained mutation: Armour fits poorly on your strangely shaped body. [a neqoxec]
 16462 | Orc:2    | Quit the game

Vault maps used:
D:1:      evilmike_arrival_crescent
D:2:      first_bread, makhleb_heckhound_becter, uniq_jessica
D:6:      basic_altar, minmay_misc_feat_plants, uniq_eustachio
D:8:      gammafunk_temple_overflow_wave, basic_altar
D:9:      orc_0_dummy, basic_altar, hangedman_fish_farm
D:10:     lemuel_flamethrower_1
Temple:   grunt_circular_temple_18
Orc:1:    serial_shops, special_room
Orc:2:    grunt_orc_community_town_hall, grunt_orc_community_big_house_2,
          grunt_orc_community_big_house_2, grunt_orc_community_house_3,
          grunt_orc_community_house_2, grunt_orc_community_house_1,
          grunt_orc_community_house_1, grunt_orc_community_house_1, basic_altar,
          enter_volcano_4, uniq_sonja
Volcano:  volcano_caves

Skill      XL: |  1  2  3  4  5  6  7  8  9 10 11 |
---------------+----------------------------------+-----
Dodging        | 3 4 5 6 8 10 11 | 11.5
Poison Magic   | 5 6 7 |  7.8
Conjurations   | 1 2 3 4 5 6 |  6.0
Spellcasting   | 3 4 5 6 7 |  7.1
Fighting       | 1 2 3 4 |  4.3
Stealth        | 3 4 5 6 8 |  8.2
Polearms       | 1 3 4 |  4.5
Air Magic      | 2 |  2.1
Summonings     | 2 4 |  4.7
Axes           | 2 3 |  3.3
Invocations    | 1 3 |  3.7
Unarmed Combat | |  0.2
Evocations     | |  0.6

Action                   |  1- 3 |  4- 6 |  7- 9 | 10-12 || total
-------------------------+-------+-------+-------+-------++-------
Melee: Unarmed           |    20 |       |       |       ||    20
       Whip              |    32 |    67 |       |       ||    99
       Spear             |       |    93 |   506 |    78 ||   677
       Hand axe          |       |       |       |   477 ||   477
 Cast: Sting             |    47 |    91 |   211 |   286 ||   635
       Mephitic Cloud    |       |     3 |    31 |    80 ||   114
       Cure Poison       |       |       |     2 |     1 ||     3
       Call Canine Famil |       |       |       |     2 ||     2
Invok: Channel Energy    |       |       |       |    49 ||    49
Evoke: Wand              |       |       |       |     4 ||     4
  Use: Scroll            |     1 |       |     4 |    10 ||    15
       Potion            |       |       |     2 |       ||     2
 Stab: Sleeping          |     1 |     4 |     7 |     7 ||    19
       Confused          |       |     2 |    24 |    36 ||    62
       Distracted        |       |       |     1 |     1 ||     2
  Eat: Chunk             |     3 |    27 |    21 |    31 ||    82
